 Dungeon Crawl Stone Soup version 0.18-a0 (webtiles) character file.

119 Horrz the Digger (level 5, -1/28 HPs)
             Began as a Gargoyle Earth Elementalist on Oct 30, 2015.
             Slain by Crazy Yiuf
             ... wielding a +2 quarterstaff of chaos
              (10 damage)
             ... on level 2 of the Dungeon.
             The game lasted 00:19:27 (3622 turns).

Horrz the Digger (Gargoyle Earth Elementalist)      Turns: 3622, Time: 00:19:27

Health: -1/28      AC:  9    Str: 11    XL:     5   Next: 3%
Magic:  4/11       EV: 12    Int: 17    God:
Gold:   49         SH:  0    Dex: 10    Spells: 4 memorised, 3 levels left

rFire  . . .     SeeInvis .     (no weapon)
rCold  . . .     Clarity  .     b - +0 robe
rNeg   + . .     SustAt   .     (no shield)
rPois  ∞         Gourm    .     (no helmet)
rElec  +         Spirit   .     (no cloak)
rCorr  .         Warding  .     i - +0 pair of gloves
rMut   .         Stasis   .     (no boots)
MR     .....                    (no amulet)
Stlth  ++........               (no ring)
                                (no ring)

@: stone skin, not resistant to hostile enchantments, unstealthy
A: negative energy resistance 1, electricity resistance, unbreathing,
petrification resistance, rot immunity, AC +4
a: no special abilities


You were on level 2 of the Dungeon.
You were not hungry.

You visited 1 branch of the dungeon, and saw 2 of its levels.

You collected 49 gold pieces.

Inventory:

Missiles
 a - 172 stones (quivered)
Armour
 b - a +0 robe (worn)
 i - a +0 pair of gloves (worn)
Scrolls
 e - a scroll of fear {unknown}
 f - a scroll of noise {unknown}
 j - a scroll of recharging {unknown}
 l - a scroll of identify {unknown}
Potions
 k - a potion of agility {unknown}
 m - a potion of might {unknown}
Books
 c - a book of Geomancy

   Spells                             Type                      Level
   a - Sandblast                      Earth                        1
   b - Stoneskin                      Transmutation/Earth          2
   c - Passwall                       Transmutation/Earth          3
   d - Stone Arrow                    Conjuration/Earth            3
   e - Petrify                        Transmutation/Earth          4
   f - Lee's Rapid Deconstruction     Earth                        5
Comestibles
 d - a bread ration
 g - 3 fruits
 h - 2 meat rations
 n - a chunk of flesh


   Skills:
 - Level 1.5 Dodging
 - Level 2.1 Stealth
 * Level 4.1 Spellcasting
 - Level 0.7 Transmutations
 + Level 4.6 Earth Magic


You had 3 spell levels left.
You knew the following spells:

 Your Spells              Type           Power        Failure   Level  Hunger
a - Sandblast             Erth           ###...       2%          1    None
b - Stoneskin             Trmt/Erth      ##......     10%         2    ##.....
c - Passwall              Trmt/Erth      ##........   17%         3    ###....
d - Stone Arrow           Conj/Erth      ##....       21%         3    ###....


Dungeon Overview and Level Annotations

Branches:
Dungeon (2/15)

Altars:
Dithmenos
Xom
Zin

Annotations:
D:2 Crazy Yiuf


Innate Abilities, Weirdness & Mutations

You are resistant to torment.
Your stone body is resilient (AC +4).
You are immune to poison.
You resist negative energy.
You are resistant to electric shocks.
You can survive without breathing.
You are immune to petrification.
You are immune to rotting.


Message History

Crazy Yiuf freezes you.
Casting: Sandblast
Confirm with . or Enter, or press ? or * to list all spells.
Aiming: Sandblast
Press: ? - help, Shift-Dir - straight line, f/p - Crazy Yiuf
Aim: Crazy Yiuf, wielding a quarterstaff of chaos and wearing a cloak (heavily wounded)
The blast of sand hits Crazy Yiuf.
Crazy Yiuf is heavily wounded.
Crazy Yiuf flaps his cloak.
Crazy Yiuf hits you with a quarterstaff of chaos.
Casting: Sandblast
Confirm with . or Enter, or press ? or * to list all spells.
Aiming: Sandblast
Press: ? - help, Shift-Dir - straight line, f/p - Crazy Yiuf
Aim: Crazy Yiuf, wielding a quarterstaff of chaos and wearing a cloak (heavily wounded)
The blast of sand hits Crazy Yiuf.
Crazy Yiuf is heavily wounded.
Crazy Yiuf yells, "Lay!
Tonal pontify pizzabubble."
Crazy Yiuf hits you with a quarterstaff of chaos!
You die...

#.........# #.# #. ##
#.####.##.# ##'## #.
.# #.# #..##.# #...#
###. .# #.#########
##### #... .# #...#
### #... .#########
#.####... .........#
### ####.'......
.######### #)..###
##....####... .#
#...g@####............
.#
#...##..#.......###.##
## ### ###.#....#.#
#.# # ########.# #.##
# #.# #... # #.######
# #.......
......####### ......


You could see Crazy Yiuf.

Vanquished Creatures
  2 adders (D:2)
  4 gnolls (D:2)
  An ooze (D:1)
  A worm (D:2)
  6 giant geckos
  3 bats
  5 giant cockroaches
  2 goblins (D:1)
  7 hobgoblins
  3 jackals (D:1)
  5 kobolds
  A quokka (D:2)
  3 ball pythons
  2 giant newts
  8 rats
53 creatures vanquished.

Notes
Turn   | Place    | Note
--------------------------------------------------------------
     0 | D:1      | Horrz the Gargoyle Earth Elementalist began the quest for the Orb.
     0 | D:1      | Reached XP level 1. HP: 10/10 MP: 3/3
   550 | D:1      | Reached XP level 2. HP: 9/15 MP: 0/5
   620 | D:1      | Learned a level 2 spell: Stoneskin
  1513 | D:2      | Reached XP level 3. HP: 19/19 MP: 5/7
  1518 | D:2      | Learned a level 3 spell: Passwall
  1591 | D:2      | Found a glowing silver altar of Zin.
  1592 | D:2      | Noticed an angel
  1596 | D:2      | Found a shimmering altar of Xom.
  1768 | D:2      | Reached skill level 4 in Earth Magic
  2688 | D:2      | Learned a level 3 spell: Stone Arrow
  2701 | D:2      | Reached XP level 4. HP: 17/24 MP: 4/9
  3102 | D:2      | Found a shadowy altar of Dithmenos.
  3390 | D:2      | Reached XP level 5. HP: 25/28 MP: 1/11
  3611 | D:2      | Noticed Crazy Yiuf
  3622 | D:2      | Slain by Crazy Yiuf

Vault maps used:
D:1:      dpeg_arrival_rhombus
D:2:      grunt_temple_overflow_order_and_chaos_1,
          grunt_dithmenos_smoke_and_mirrors, uniq_crazy_yiuf_cottage

Action                   |  1- 3 |  4- 6 || total
-------------------------+-------+-------++-------
Melee: Unarmed           |     5 |     3 ||     8
 Cast: Sandblast         |   101 |    56 ||   157
       Stoneskin         |     1 |     1 ||     2
  Eat: Chunk             |     6 |     3 ||     9
